[Event "Summer Prague Open A 2020"]
[Site "Prague"]
[Date "2020.08.08"]
[Round "1.8"]
[White "Malassagne, Isabelle"]
[Black "Neuman, Petr"]
[Result "1/2-1/2"]
[ECO "C41"]
[WhiteElo "2017"]
[BlackElo "2376"]
[Annotator "ChessBase"]
[PlyCount "171"]
[EventDate "2020.08.08"]
[EventCountry "CZE"]
[SourceTitle "playchess.com"]
[Source "ChessBase"]
[SourceQuality "1"]
[TimeControl "40/5400+30:1800+30"]

1. d4 d6 2. e4 Nf6 3. Nc3 e5 4. Nf3 Nbd7 5. Bc4 Be7 6. O-O O-O 7. Re1 c6 8. a4 b6 9. dxe5 dxe5 10. h3 Qc7 11. Nd2 a6 12. Qf3 Rb8 13. Nb3 b5 14. Bf1 Nc5 15. Nxc5 Bxc5 16. Nd1 Be6 17. Ne3 Rfe8 18. Nf5 Bxf5 19. Qxf5 Nd7 20. axb5 axb5 21. Be3 Bxe3 22. Rxe3 Nc5 23. Rea3 Rb7 24. h4 Qe7 25. h5 Rd7 26. b4 g6 27. Qg4 Ne6 28. c3 Rd2 29. Ra7 Qf6 30. Qg3 Red8 31. Ra8 Nf4 32. Qe3 Kg7 33. Rxd8 Qxd8 34. h6+ Kxh6 35. Qc5 Rd1 36. Rxd1 Qxd1 37. g3 Nh3+ 38. Kg2 Ng5 39. Qxe5 Qf3+ 40. Kg1 Qxe4 41. Qxe4 Nxe4 42. c4 Nc3 43. f4 f5 44. cxb5 cxb5 45. Kf2 Na2 46. Bxb5 Nxb4 47. Bc4 Kg7 48. Ke3 Nc6 49. Bd5 Ne7 50. Bb7 Ng8 51. Kf3 Nf6 52. Bc6 Kf7 53. Ba4 Ke6 54. Bb3+ Kd6 55. Bc4 Kc5 56. Bf1 Kd4 57. Ba6 Kc5 58. Bf1 Ne8 59. Be2 Nd6 60. Bf1 Nc4 61. Kf2 Kd4 62. Be2 h6 63. Bf1 g5 64. fxg5 hxg5 65. Be2 Nd6 66. Ba6 Ke4 67. Bf1 Nf7 68. Bg2+ Kd4 69. Bb7 Nd6 70. Ba6 Ke5 71. Be2 Ne4+ 72. Kf3 g4+ 73. Kg2 Kd4 74. Bb5 Nc5 75. Be8 Ke3 76. Bg6 Ke4 77. Be8 Ne6 78. Bc6+ Ke3 79. Bd7 Nd4 80. Bc8 Ke2 81. Ba6+ Ke1 82. Bd3 Kd2 83. Ba6 Ke3 84. Bc8 f4 85. gxf4 Kxf4 86. Bxg4 1/2-1/2

[Event "Summer Prague Open A 2020"]
[Site "Prague"]
[Date "2020.08.08"]
[Round "1.9"]
[White "Vokac, Marek"]
[Black "Tesar, Jan"]
[Result "1/2-1/2"]
[ECO "A25"]
[WhiteElo "2362"]
[BlackElo "2010"]
[Annotator "ChessBase"]
[PlyCount "76"]
[EventDate "2020.08.08"]
[EventCountry "CZE"]
[SourceTitle "playchess.com"]
[Source "ChessBase"]
[SourceQuality "1"]
[TimeControl "40/5400+30:1800+30"]

1. c4 Nc6 2. Nc3 e5 3. g3 g6 4. Bg2 Bg7 5. Rb1 a5 6. a3 Nf6 7. b4 axb4 8. axb4 Qe7 9. b5 Nd8 10. e3 O-O 11. Nge2 c6 12. O-O d6 13. Bb2 Be6 14. d3 Nh5 15. Ra1 Rxa1 16. Qxa1 f5 17. f4 e4 18. dxe4 Bxc4 19. bxc6 bxc6 20. Re1 fxe4 21. Qa4 Bd3 22. Ba3 Re8 23. Nd4 Qd7 24. Rc1 Nf6 25. h3 c5 26. Qxd7 Nxd7 27. Ndb5 Nf7 28. Nc7 Rb8 29. Nxe4 Rb3 30. Ng5 Nb6 31. Nxf7 Kxf7 32. Bxc5 dxc5 33. Rxc5 Rc3 34. Rxc3 Bxc3 35. Nd5 Nxd5 36. Bxd5+ Kf6 37. Kf2 h5 38. g4 hxg4 1/2-1/2

[Event "Summer Prague Open A 2020"]
[Site "Prague"]
[Date "2020.08.08"]
[Round "1.10"]
[White "Geweniger, Tim"]
[Black "Hrabusa, Matej"]
[Result "0-1"]
[ECO "A80"]
[WhiteElo "2010"]
[BlackElo "2350"]
[Annotator "ChessBase"]
[PlyCount "82"]
[EventDate "2020.08.08"]
[EventCountry "CZE"]
[SourceTitle "playchess.com"]
[Source "ChessBase"]
[SourceQuality "1"]
[TimeControl "40/5400+30:1800+30"]

1. d4 f5 2. Nc3 Nf6 3. Bg5 d5 4. Bxf6 exf6 5. e3 Be6 6. Bd3 Nc6 7. a3 Qd7 8. Qf3 Ne7 9. h4 h5 10. Nge2 O-O-O 11. O-O-O Kb8 12. Kb1 g6 13. Nf4 Bf7 14. Rc1 Nc8 15. g3 c6 16. Qe2 Nd6 17. f3 Re8 18. Qd2 Bh6 19. Rce1 Re7 20. Qf2 Qe8 21. Re2 Rf8 22. Rhe1 Qd7 23. b3 Rfe8 24. Kb2 Bf8 25. Rc1 Nc4+ 26. Bxc4 dxc4 27. e4 Qd6 28. Rd1 cxb3 29. cxb3 Rd7 30. Nb1 g5 31. Ng2 fxe4 32. fxe4 c5 33. d5 Qe5+ 34. Ka2 f5 35. Nd2 Bxd5 36. Rde1 Bg7 37. Nf3 Bxb3+ 38. Kxb3 Qe6+ 39. Kc2 Qa2+ 40. Kc1 Qa1+ 41. Kc2 Qb2# 0-1

[Event "Summer Prague Open A 2020"]
[Site "Prague"]
[Date "2020.08.08"]
[Round "1.11"]
[White "Sorm, Daniel"]
[Black "Babicka, Michal"]
[Result "1-0"]
[ECO "E71"]
[WhiteElo "2342"]
[BlackElo "2038"]
[Annotator "ChessBase"]
[PlyCount "79"]
[EventDate "2020.08.08"]
[EventCountry "CZE"]
[SourceTitle "playchess.com"]
[Source "ChessBase"]
[SourceQuality "1"]
[TimeControl "40/5400+30:1800+30"]

1. d4 Nf6 2. c4 g6 3. Nc3 Bg7 4. e4 d6 5. h3 O-O 6. Bg5 c5 7. d5 e6 8. Bd3 exd5 9. exd5 Nbd7 10. f4 Qa5 11. Qd2 a6 12. Nge2 b5 13. cxb5 Nb6 14. bxa6 Bxa6 15. O-O Nfxd5 16. f5 Nxc3 17. bxc3 Bxd3 18. Qxd3 Be5 19. Bf4 Qa6 20. Qf3 Nc4 21. Bh6 Bg7 22. Bxg7 Kxg7 23. f6+ Kh8 24. Qf4 Ne5 25. Ng3 Rg8 26. Ne4 Qc4 27. Nxd6 Qxf4 28. Rxf4 Rgd8 29. Re1 Nf3+ 30. Rxf3 Rxd6 31. Re7 Kg8 32. Rc7 Rd5 33. c4 Re5 34. Ra3 Rf8 35. Ra6 h6 36. a4 g5 37. a5 Rf5 38. Rb6 Rd8 39. a6 Rd1+ 40. Kh2 1-0

[Event "Summer Prague Open A 2020"]
[Site "Prague"]
[Date "2020.08.08"]
[Round "1.12"]
[White "Laurincova, Kristyna"]
[Black "Kulhanek, Tomas"]
[Result "1-0"]
[ECO "C06"]
[WhiteElo "2008"]
[BlackElo "2339"]
[Annotator "ChessBase"]
[PlyCount "103"]
[EventDate "2020.08.08"]
[EventCountry "CZE"]
[SourceTitle "playchess.com"]
[Source "ChessBase"]
[SourceQuality "1"]
[TimeControl "40/5400+30:1800+30"]

1. e4 e6 2. d4 d5 3. Nd2 Nf6 4. e5 Nfd7 5. Bd3 c5 6. c3 Nc6 7. Ne2 cxd4 8. cxd4 f6 9. exf6 Qxf6 10. Nf3 h6 11. O-O Bd6 12. Be3 O-O 13. Rc1 Rd8 14. Ng3 Nf8 15. Re1 Bd7 16. a3 Be8 17. Qd2 a6 18. h3 Bg6 19. Nh2 Bxd3 20. Qxd3 Rac8 21. Qd2 Kh8 22. Rc3 Rc7 23. Nh5 Qf7 24. Bf4 Bxf4 25. Nxf4 Qf6 26. Ng4 Qf5 27. Ne5 Rdc8 28. Rec1 Kg8 29. Qe3 Qf6 30. b4 Qe7 31. Nxc6 bxc6 32. Qe5 Qf6 33. Qe3 Qf5 34. Re1 a5 35. bxa5 Ra7 36. Nd3 Rxa5 37. Nc5 Rb5 38. a4 Rb2 39. Rb3 Ra2 40. Ra3 Qc2 41. Ra1 Rxa1+ 42. Rxa1 Qb2 43. Ra3 e5 44. dxe5 d4 45. Qb3+ Qxb3 46. Rxb3 Ra8 47. Rb6 Ng6 48. e6 Ne7 49. Kf1 Ra5 50. Nd7 g5 51. Rb4 Rd5 52. Nf6+ 1-0

[Event "Summer Prague Open A 2020"]
[Site "Prague"]
[Date "2020.08.08"]
[Round "1.13"]
[White "Simek, Petr"]
[Black "Golbach, Floris"]
[Result "0-1"]
[ECO "A20"]
[WhiteElo "2344"]
[BlackElo "2006"]
[Annotator "ChessBase"]
[PlyCount "50"]
[EventDate "2020.08.08"]
[EventCountry "CZE"]
[SourceTitle "playchess.com"]
[Source "ChessBase"]
[SourceQuality "1"]
[TimeControl "40/5400+30:1800+30"]

1. c4 e5 2. g3 Nc6 3. Bg2 Bc5 4. Nc3 d6 5. e3 a6 6. Nge2 Ba7 7. d4 exd4 8. exd4 Bf5 9. a3 Qd7 10. h3 h5 11. b4 Nge7 12. Be3 Nd8 13. Nf4 h4 14. g4 Bh7 15. O-O c6 16. Nh5 Kf8 17. Qd2 d5 18. Bh6 Ne6 19. Bxg7+ Nxg7 20. Qh6 Bxd4 21. Ne2 Ng8 22. Qg5 Bxa1 23. Rxa1 Nxh5 24. Qxh5 Qe6 25. Nd4 Qf6 0-1

[Event "Summer Prague Open A 2020"]
[Site "Prague"]
[Date "2020.08.08"]
[Round "1.14"]
[White "Ouaki, Mark"]
[Black "Daeschler, Florian"]
[Result "1-0"]
[ECO "C77"]
[WhiteElo "2004"]
[BlackElo "2322"]
[Annotator "ChessBase"]
[PlyCount "69"]
[EventDate "2020.08.08"]
[EventCountry "CZE"]
[SourceTitle "playchess.com"]
[Source "ChessBase"]
[SourceQuality "1"]
[TimeControl "40/5400+30:1800+30"]

1. e4 e5 2. Nf3 Nc6 3. Bb5 a6 4. Ba4 Nf6 5. d3 d6 6. c3 g6 7. O-O Bg7 8. Re1 O-O 9. d4 exd4 10. Bxc6 bxc6 11. cxd4 Re8 12. Nc3 Rb8 13. h3 Bb7 14. Qc2 d5 15. e5 Ne4 16. Na4 f6 17. Bf4 fxe5 18. Bxe5 Rf8 19. Bxg7 Kxg7 20. Nc5 Bc8 21. Nxe4 Bf5 22. Nc5 Bxc2 23. Ne6+ Kg8 24. Nxd8 Rfxd8 25. b3 Re8 26. Rac1 Rxe1+ 27. Rxe1 Be4 28. Ne5 c5 29. dxc5 Rb5 30. f3 Bc2 31. Rc1 Rxc5 32. Nd3 Rc3 33. Ne1 d4 34. Rxc2 d3 35. Rd2 1-0

[Event "Summer Prague Open A 2020"]
[Site "Prague"]
[Date "2020.08.08"]
[Round "1.15"]
[White "Buchenau, Frank"]
[Black "Ret, Adam Josef"]
[Result "1/2-1/2"]
[ECO "B52"]
[WhiteElo "2278"]
[BlackElo "2002"]
[Annotator "ChessBase"]
[PlyCount "127"]
[EventDate "2020.08.08"]
[EventCountry "CZE"]
[SourceTitle "playchess.com"]
[Source "ChessBase"]
[SourceQuality "1"]
[TimeControl "40/5400+30:1800+30"]

1. e4 c5 2. Nf3 d6 3. Bb5+ Bd7 4. Bxd7+ Qxd7 5. c4 Nc6 6. d4 cxd4 7. Nxd4 g6 8. Nc3 Bg7 9. Be3 Nf6 10. f3 Rc8 11. b3 O-O 12. O-O Rfd8 13. Qd2 e6 14. Rad1 b6 15. Nxc6 Qxc6 16. e5 Ne8 17. Nb5 Rd7 18. exd6 Rcd8 19. Qf2 Rb8 20. Bf4 e5 21. Bg5 f6 22. Be3 a6 23. Nc3 Nxd6 24. Qd2 Rbd8 25. Qd5+ Qxd5 26. Rxd5 Nc8 27. Rfd1 Rxd5 28. Rxd5 Rxd5 29. Nxd5 b5 30. cxb5 axb5 31. Bc5 Kf7 32. Nc7 Bf8 33. Bxf8 Kxf8 34. Nxb5 Ke7 35. Kf2 Kd7 36. Ke3 Kc6 37. Nc3 f5 38. f4 e4 39. Kd4 Nd6 40. a4 Nb7 41. b4 Nd8 42. Kc4 Ne6 43. Nd5 Nc7 44. b5+ Kb7 45. Nf6 Kb6 46. Kb4 Kb7 47. a5 h6 48. h4 e3 49. Kc3 Nxb5+ 50. Kd3 e2 51. Kxe2 Nd4+ 52. Ke3 Nc6 53. Nd7 Kc7 54. Ne5 Nxa5 55. Nxg6 Kd6 56. Ne5 Ke6 57. g4 fxg4 58. Nxg4 h5 59. Nh2 Kf5 60. Kf3 Nc6 61. Nf1 Nd4+ 62. Ke3 Nc2+ 63. Kf3 Nd4+ 64. Ke3 1/2-1/2

[Event "Summer Prague Open A 2020"]
[Site "Prague"]
[Date "2020.08.08"]
[Round "1.16"]
[White "Novotny, David"]
[Black "Mica, Marek"]
[Result "0-1"]
[ECO "A45"]
[WhiteElo "1945"]
[BlackElo "2306"]
[Annotator "ChessBase"]
[PlyCount "128"]
[EventDate "2020.08.08"]
[EventCountry "CZE"]
[SourceTitle "playchess.com"]
[Source "ChessBase"]
[SourceQuality "1"]
[TimeControl "40/5400+30:1800+30"]

1. d4 Nf6 2. Bf4 b6 3. Nc3 Bb7 4. e3 d6 5. Nf3 Nbd7 6. Bd3 g6 7. h3 Bg7 8. O-O O-O 9. e4 Nh5 10. Bh2 e5 11. dxe5 dxe5 12. Bc4 Qe8 13. Qd2 Nc5 14. Qe3 Rd8 15. b4 Na6 16. a3 Nf4 17. Rfd1 Rxd1+ 18. Rxd1 Bh6 19. Bxf4 exf4 20. Qd3 Nb8 21. Nd5 Bg7 22. Ng5 Nc6 23. Nf3 Ne5 24. Nxe5 Qxe5 25. Qf3 g5 26. Rd3 b5 27. Bb3 a5 28. Nc3 axb4 29. axb4 c6 30. Qd1 Bc8 31. f3 Qe7 32. Na2 Be6 33. Bxe6 Qxe6 34. Nc1 Qc4 35. Rd6 Be5 36. Rd7 Qxb4 37. Nd3 Bd4+ 38. Kh1 Qc4 39. Nxf4 Be5 40. Nd3 Bg7 41. Nf2 c5 42. Rd8 Bd4 43. Rxf8+ Kxf8 44. Ng4 Qc3 45. Nh6 Ke7 46. Nf5+ Kd7 47. Nxd4 Qxd4 48. Qb1 Kc6 49. Qa2 Qd1+ 50. Kh2 Qd6+ 51. Kg1 c4 52. Qa8+ Kb6 53. c3 b4 54. cxb4 c3 55. Qa5+ Kb7 56. Qa4 Qd4+ 57. Kh2 Qc4 58. e5 c2 59. Qd7+ Kb6 60. Qd8+ Qc7 61. Qd4+ Kb7 62. Qd5+ Kc8 63. Qa8+ Kd7 64. Qd5+ Ke7 0-1

[Event "Summer Prague Open A 2020"]
[Site "Prague"]
[Date "2020.08.08"]
[Round "1.17"]
[White "Biastoch, Bennet"]
[Black "Groh, Jiri"]
[Result "1-0"]
[ECO "B39"]
[WhiteElo "2315"]
[BlackElo "1997"]
[Annotator "ChessBase"]
[PlyCount "61"]
[EventDate "2020.08.08"]
[EventCountry "CZE"]
[SourceTitle "playchess.com"]
[Source "ChessBase"]
[SourceQuality "1"]
[TimeControl "40/5400+30:1800+30"]

1. e4 c5 2. Nf3 Nc6 3. d4 cxd4 4. Nxd4 g6 5. c4 Bg7 6. Be3 Nf6 7. Nc3 Ng4 8. Qxg4 Nxd4 9. Qd1 e5 10. Bd3 d6 11. O-O O-O 12. Qd2 f5 13. exf5 Bxf5 14. Bxf5 Rxf5 15. Bxd4 exd4 16. Nd5 b5 17. b3 bxc4 18. bxc4 Rb8 19. Rae1 Re5 20. f4 Rxe1 21. Rxe1 Kh8 22. Qd3 Qa5 23. Re2 Qa4 24. h4 Rc8 25. h5 gxh5 26. Re7 Rf8 27. f5 Re8 28. f6 Rxe7 29. fxe7 Qd7 30. Qe4 Be5 31. Qf3 1-0

[Event "Summer Prague Open A 2020"]
[Site "Prague"]
[Date "2020.08.08"]
[Round "1.18"]
[White "Kucera, Tomas"]
[Black "Malassagne, Raphael"]
[Result "0-1"]
[ECO "B14"]
[WhiteElo "1993"]
[BlackElo "2305"]
[Annotator "ChessBase"]
[PlyCount "84"]
[EventDate "2020.08.08"]
[EventCountry "CZE"]
[SourceTitle "playchess.com"]
[Source "ChessBase"]
[SourceQuality "1"]
[TimeControl "40/5400+30:1800+30"]

1. e4 c6 2. d4 d5 3. exd5 cxd5 4. c4 Nf6 5. Nc3 g6 6. Qb3 Bg7 7. cxd5 O-O 8. Be2 Nbd7 9. Bf3 Nb6 10. Nge2 Bg4 11. Bxg4 Nxg4 12. Bf4 Nf6 13. d6 exd6 14. O-O Re8 15. Rfe1 Ne4 16. a4 Nxc3 17. bxc3 Qc7 18. Rab1 Rab8 19. Ng3 Qc6 20. a5 Rxe1+ 21. Rxe1 Nc4 22. h4 Nxa5 23. Qa3 Nc4 24. Qxa7 Qc8 25. Qa2 Ra8 26. Qe2 d5 27. Bg5 Qc6 28. Nf1 Nd6 29. Ne3 Re8 30. Qf3 Ne4 31. Ng4 Re6 32. Ra1 h5 33. Ra8+ Re8 34. Rxe8+ Qxe8 35. Nf6+ Bxf6 36. Bxf6 Qc6 37. Be5 Qxc3 38. Qf4 Qe1+ 39. Kh2 Qxf2 40. Qh6 Qxh4+ 41. Kg1 Qf2+ 42. Kh2 Nf6 0-1

[Event "Summer Prague Open A 2020"]
[Site "Prague"]
[Date "2020.08.08"]
[Round "1.19"]
[White "Pozdnjakov, Viatcheslav"]
[Black "Brozka, Karel"]
[Result "1/2-1/2"]
[ECO "A48"]
[WhiteElo "2300"]
[BlackElo "1991"]
[Annotator "ChessBase"]
[PlyCount "89"]
[EventDate "2020.08.08"]
[EventCountry "CZE"]
[SourceTitle "playchess.com"]
[Source "ChessBase"]
[SourceQuality "1"]
[TimeControl "40/5400+30:1800+30"]

1. d4 Nf6 2. Nf3 g6 3. c4 c5 4. Nc3 cxd4 5. Nxd4 Bg7 6. e4 d6 7. Be2 Nc6 8. Be3 Bd7 9. O-O O-O 10. f3 a5 11. Ndb5 b6 12. Rb1 Na7 13. Nd4 Nc6 14. Qd2 Nxd4 15. Bxd4 Bc6 16. Rbd1 Nd7 17. Bxg7 Kxg7 18. f4 Nc5 19. Qe3 Qc7 20. f5 Nd7 21. Rf3 f6 22. Rh3 g5 23. Qf3 Ne5 24. Qh5 Rh8 25. Qh6+ Kg8 26. Bh5 Be8 27. Nd5 Qc5+ 28. Kh1 Bxh5 29. Rxh5 Ra7 30. Nxe7+ Kf7 31. Rxg5 Kxe7 32. Rg7+ Nf7 33. b3 Qe5 34. Qe3 Rb7 35. h3 Kf8 36. Rg4 Rg8 37. Rh4 h6 38. Rf4 Qc5 39. Qc3 Qe5 40. Qe3 Ke7 41. a4 Qc5 42. Qf3 Rbb8 43. Rd5 Qb4 44. Qe3 Qa3 45. Rf2 1/2-1/2

[Event "Summer Prague Open A 2020"]
[Site "Prague"]
[Date "2020.08.09"]
[Round "3.7"]
[White "Miedema, David"]
[Black "Richter, Philipp"]
[Result "1/2-1/2"]
[ECO "C16"]
[WhiteElo "2382"]
[BlackElo "2127"]
[Annotator "RC"]
[PlyCount "53"]
[EventDate "2020.08.08"]
[EventCountry "CZE"]
[SourceTitle "playchess.com"]
[Source "ChessBase"]
[SourceQuality "1"]
[TimeControl "40/5400+30:1800+30"]

1. e4 e6 2. d4 d5 3. Nc3 Bb4 4. e5 Ne7 5. a3 Bxc3+ 6. bxc3 c5 7. h4 Qc7 8. h5 cxd4 9. cxd4 Qc3+ 10. Bd2 Qxd4 11. Nf3 Qe4+ 12. Be2 Nf5 13. Kf1 b6 14. Bb5+ Nd7 15. Rb1 a5 16. Kg1 h6 17. Bc6 Ra7 18. Rxb6 O-O 19. Rb3 Nxe5 20. Nxe5 Qxe5 21. Bb5 Ba6 22. Bxa6 Rxa6 23. g4 Nd4 24. Re3 Qf6 25. c3 Nc6 26. Rg3 Rb6 27. g5 1/2-1/2

[Event "Summer Prague Open A 2020"]
[Site "Prague"]
[Date "2020.08.09"]
[Round "3.8"]
[White "Post, Hugo"]
[Black "Hrabusa, Matej"]
[Result "0-1"]
[ECO "B90"]
[WhiteElo "2203"]
[BlackElo "2350"]
[Annotator "ChessBase"]
[PlyCount "82"]
[EventDate "2020.08.08"]
[EventCountry "CZE"]
[SourceTitle "playchess.com"]
[Source "ChessBase"]
[SourceQuality "1"]
[TimeControl "40/5400+30:1800+30"]

1. e4 c5 2. Nf3 d6 3. d4 cxd4 4. Nxd4 Nf6 5. Nc3 a6 6. f3 e5 7. Nb3 Be6 8. Be3 h5 9. Nd5 Bxd5 10. exd5 Nbd7 11. Be2 g6 12. Qd2 Qc7 13. O-O Nb6 14. Bg5 Nfxd5 15. c4 Ne7 16. Rac1 Bg7 17. Rfd1 Nbc8 18. a4 O-O 19. a5 Re8 20. Bd3 b6 21. Be4 Rb8 22. Be3 f5 23. Bd5+ Kh7 24. axb6 Nxb6 25. Bf7 Red8 26. Bg5 Na4 27. Qa5 Qa7+ 28. c5 Nxb2 29. Rd2 Nc6 30. Qa3 Qxf7 31. Rxb2 e4 32. Rbb1 Nd4 33. Bxd8 Ne2+ 34. Kh1 Nxc1 35. Rxc1 Rxb3 36. Qxa6 exf3 37. Qxd6 Qc4 38. Qd1 fxg2+ 39. Kg1 Bd4+ 40. Kxg2 Qd5+ 41. Kf1 Qh1+ 0-1

[Event "Summer Prague Open A 2020"]
[Site "Prague"]
[Date "2020.08.09"]
[Round "3.9"]
[White "Ludvik, Tomas"]
[Black "Malassagne, Raphael"]
[Result "1/2-1/2"]
[ECO "D15"]
[WhiteElo "2202"]
[BlackElo "2305"]
[Annotator "ChessBase"]
[PlyCount "64"]
[EventDate "2020.08.08"]
[EventCountry "CZE"]
[SourceTitle "playchess.com"]
[Source "ChessBase"]
[SourceQuality "1"]
[TimeControl "40/5400+30:1800+30"]

1. d4 d5 2. c4 c6 3. Nf3 Nf6 4. Nc3 a6 5. e3 g6 6. Bd3 Bg7 7. O-O O-O 8. h3 Bf5 9. Bxf5 gxf5 10. Qb3 Ra7 11. cxd5 cxd5 12. Bd2 e6 13. Rfc1 Nc6 14. Na4 Ne4 15. Be1 Kh8 16. Nc5 Qe7 17. Rc2 Rg8 18. Qb6 Nxc5 19. Qxc5 Qxc5 20. Rxc5 Bf8 21. Rc2 Bd6 22. Bd2 Kg7 23. Kf1 Kf6 24. Rb1 a5 25. b3 h5 26. a4 Ke7 27. g3 Kd7 28. Ke2 Ra6 29. h4 Rb8 30. Bc3 b5 31. axb5 Rxb5 32. Nd2 a4 1/2-1/2

[Event "Summer Prague Open A 2020"]
[Site "Prague"]
[Date "2020.08.09"]
[Round "3.10"]
[White "Haack, Kevin"]
[Black "Mladek, Richard"]
[Result "1/2-1/2"]
[ECO "A16"]
[WhiteElo "2180"]
[BlackElo "2280"]
[Annotator "ChessBase"]
[PlyCount "66"]
[EventDate "2020.08.08"]
[EventCountry "CZE"]
[SourceTitle "playchess.com"]
[Source "ChessBase"]
[SourceQuality "1"]
[TimeControl "40/5400+30:1800+30"]

1. c4 Nf6 2. Nc3 g6 3. g3 Bg7 4. Bg2 O-O 5. Rb1 c6 6. e4 d6 7. Nge2 e5 8. O-O a5 9. a3 Be6 10. d3 Na6 11. h3 d5 12. exd5 cxd5 13. f4 dxc4 14. fxe5 cxd3 15. exf6 dxe2 16. Nxe2 Qxd1 17. Rxd1 Bxf6 18. Bxb7 Ra7 19. Bf3 Bxh3 20. Bh6 Bg7 21. Bxg7 Kxg7 22. g4 h5 23. gxh5 Bf5 24. Rbc1 Rb8 25. Rd2 Rc7 26. Rxc7 Nxc7 27. Nd4 Bd7 28. hxg6 Kxg6 29. Bc6 Bxc6 30. Nxc6 Rb5 31. Rd7 Ne6 32. Ra7 Rxb2 33. Rxa5 Ra2 1/2-1/2

[Event "Summer Prague Open A 2020"]
[Site "Prague"]
[Date "2020.08.09"]
[Round "3.11"]
[White "Kanakova, Natalie"]
[Black "Cap, Adam"]
[Result "0-1"]
[ECO "A16"]
[WhiteElo "2162"]
[BlackElo "2278"]
[Annotator "ChessBase"]
[PlyCount "102"]
[EventDate "2020.08.08"]
[EventCountry "CZE"]
[SourceTitle "playchess.com"]
[Source "ChessBase"]
[SourceQuality "1"]
[TimeControl "40/5400+30:1800+30"]

1. c4 Nf6 2. Nc3 g6 3. g3 Bg7 4. Bg2 O-O 5. e4 d6 6. Nge2 c5 7. O-O Nc6 8. d3 a6 9. Be3 Rb8 10. a4 Ne8 11. d4 cxd4 12. Nxd4 Nc7 13. a5 Nxd4 14. Bxd4 Bxd4 15. Qxd4 Ne6 16. Qe3 b6 17. f4 bxa5 18. f5 Nc5 19. f6 exf6 20. Nd5 Kg7 21. Rxf6 Be6 22. e5 Nd7 23. Rxe6 fxe6 24. Nf4 Rxf4 25. gxf4 dxe5 26. fxe5 Qc7 27. Qd4 Rb4 28. Rd1 Qc5 29. Bf1 Qxd4+ 30. Rxd4 Nxe5 31. Rd6 Rxb2 32. Bg2 Nxc4 33. Rxa6 Rb6 34. Ra7+ Kh6 35. Bf1 Nd2 36. Be2 Nb3 37. Bc4 Nd2 38. Be2 Nb3 39. Bc4 e5 40. Bg8 Kg5 41. Rxh7 Nd4 42. Bd5 Rb5 43. Be4 Nf5 44. Ra7 Kf4 45. Bd3 Rc5 46. Ra6 e4 47. Be2 Ke3 48. Bf1 Nh4 49. Rb6 Rg5+ 50. Kh1 Kf2 51. Rf6+ Nf5 0-1

[Event "Summer Prague Open A 2020"]
[Site "Prague"]
[Date "2020.08.09"]
[Round "3.12"]
[White "Mirimanian, Hayk"]
[Black "Marakovits, Nico"]
[Result "0-1"]
[ECO "B31"]
[WhiteElo "2268"]
[BlackElo "2105"]
[Annotator "ChessBase"]
[PlyCount "46"]
[EventDate "2020.08.08"]
[EventCountry "CZE"]
[SourceTitle "playchess.com"]
[Source "ChessBase"]
[SourceQuality "1"]
[TimeControl "40/5400+30:1800+30"]

1. e4 c5 2. Nf3 Nc6 3. Bb5 g6 4. Bxc6 bxc6 5. d4 Bg7 6. c3 cxd4 7. cxd4 Nf6 8. e5 Nd5 9. O-O O-O 10. Re1 d6 11. Nc3 Nxc3 12. bxc3 Bg4 13. Bf4 d5 14. h3 Bxf3 15. Qxf3 e6 16. Re2 Rb8 17. Rc1 Qe7 18. c4 Rb4 19. Rec2 Qb7 20. cxd5 cxd5 21. Rc7 Qb6 22. Bg5 Rb1 23. Be7 Qxc7 0-1

[Event "Summer Prague Open A 2020"]
[Site "Prague"]
[Date "2020.08.09"]
[Round "3.13"]
[White "Slampa, Jan"]
[Black "Balint, Peter"]
[Result "1-0"]
[ECO "C84"]
[WhiteElo "2264"]
[BlackElo "2105"]
[Annotator "ChessBase"]
[PlyCount "55"]
[EventDate "2020.08.08"]
[EventCountry "CZE"]
[SourceTitle "playchess.com"]
[Source "ChessBase"]
[SourceQuality "1"]
[TimeControl "40/5400+30:1800+30"]

1. e4 e5 2. Nf3 Nc6 3. Bb5 a6 4. Ba4 Nf6 5. O-O Be7 6. d3 b5 7. Bb3 d6 8. a3 O-O 9. Nc3 Bg4 10. Be3 Nd4 11. Bxd4 exd4 12. Nd5 c5 13. h3 Bh5 14. Nf4 Bxf3 15. Qxf3 Nd7 16. Qe2 Kh8 17. Nd5 g5 18. f4 gxf4 19. Rxf4 Bg5 20. Rf5 Ne5 21. Qh5 c4 22. Rxg5 cxb3 23. Qh6 Qxg5 24. Qxg5 Nf3+ 25. gxf3 Rg8 26. Qxg8+ Rxg8+ 27. Kf2 bxc2 28. Rc1 1-0

[Event "Summer Prague Open A 2020"]
[Site "Prague"]
[Date "2020.08.09"]
[Round "3.14"]
[White "Narr, Kevin"]
[Black "Dietz, Florian"]
[Result "0-1"]
[ECO "A48"]
[WhiteElo "2110"]
[BlackElo "2262"]
[Annotator "ChessBase"]
[PlyCount "76"]
[EventDate "2020.08.08"]
[EventCountry "CZE"]
[SourceTitle "playchess.com"]
[Source "ChessBase"]
[SourceQuality "1"]
[TimeControl "40/5400+30:1800+30"]

1. d4 Nf6 2. Nf3 g6 3. e3 Bg7 4. Be2 O-O 5. O-O d6 6. c4 Nbd7 7. Nc3 e5 8. Re1 e4 9. Nd2 Re8 10. Qc2 Qe7 11. b4 Nf8 12. a4 h5 13. a5 a6 14. Ra3 Bf5 15. Nd5 Qd8 16. Bb2 h4 17. Nxf6+ Qxf6 18. h3 Nh7 19. b5 Ng5 20. Bf1 Qe6 21. Kh2 Qd7 22. Qa4 axb5 23. cxb5 d5 24. Rc3 Ra6 25. Rec1 Rf6 26. Rxc7 Qe6 27. b6 Rb8 28. Ba3 Bxh3 29. Kg1 Qg4 30. Qd1 Nf3+ 31. Kh1 Rf5 32. Be7 f6 33. Bd6 Rg5 34. g3 hxg3 35. Bxg3 Bxf1 36. Nxf1 Rh5+ 37. Nh2 Qxg3 38. Rxg7+ Kxg7 0-1

[Event "Summer Prague Open A 2020"]
[Site "Prague"]
[Date "2020.08.09"]
[Round "3.15"]
[White "Pronk, Sven"]
[Black "Kasioumis, Vasilios"]
[Result "0-1"]
[ECO "A45"]
[WhiteElo "2062"]
[BlackElo "2277"]
[Annotator "ChessBase"]
[PlyCount "66"]
[EventDate "2020.08.08"]
[EventCountry "CZE"]
[SourceTitle "playchess.com"]
[Source "ChessBase"]
[SourceQuality "1"]
[TimeControl "40/5400+30:1800+30"]

1. d4 Nf6 2. Bg5 d5 3. e3 c5 4. Bxf6 gxf6 5. dxc5 e6 6. c4 dxc4 7. Nd2 c3 8. bxc3 Bxc5 9. Ngf3 Nc6 10. Bb5 a6 11. Bc4 Be7 12. Qe2 Bd7 13. Nb3 Rc8 14. O-O Na5 15. Nxa5 Qxa5 16. Rfd1 b5 17. Bb3 Rxc3 18. Nd4 Qc7 19. Qg4 Kf8 20. Qh5 h6 21. Ne2 Rc5 22. Rac1 Be8 23. Rxc5 Qxc5 24. Qxc5 Bxc5 25. Rd8 a5 26. Nf4 Ke7 27. Rc8 Bd6 28. a4 bxa4 29. Bxa4 Rf8 30. Bxe8 Rxe8 31. Rc4 Bxf4 32. exf4 Ra8 33. Rc7+ Kd6 0-1

[Event "Summer Prague Open A 2020"]
[Site "Prague"]
[Date "2020.08.09"]
[Round "3.16"]
[White "Svanda, Ondrej"]
[Black "Nehyba, Martin"]
[Result "1-0"]
[ECO "A20"]
[WhiteElo "2238"]
[BlackElo "2060"]
[Annotator "ChessBase"]
[PlyCount "89"]
[EventDate "2020.08.08"]
[EventCountry "CZE"]
[SourceTitle "playchess.com"]
[Source "ChessBase"]
[SourceQuality "1"]
[TimeControl "40/5400+30:1800+30"]

1. c4 e5 2. g3 Nf6 3. Bg2 d5 4. cxd5 Nxd5 5. Nf3 Nc6 6. d3 Be7 7. O-O O-O 8. a3 a5 9. Nc3 Be6 10. Bd2 Rb8 11. Rc1 h6 12. Na4 f6 13. Nc5 Bxc5 14. Rxc5 Qd6 15. Qc2 Nde7 16. Rc1 Rfc8 17. b4 axb4 18. axb4 Nd5 19. Qb1 Nce7 20. e4 Nb6 21. d4 Nd7 22. d5 Bg4 23. R5c3 c6 24. dxc6 Nxc6 25. Be3 Nf8 26. h3 Bxf3 27. Bxf3 Rd8 28. Bc5 Qe6 29. Bg4 Qf7 30. b5 Nd4 31. Bxd4 Rxd4 32. Rc7 Qe8 33. Qb3+ Kh8 34. Qf7 Qxf7 35. Rxf7 Nh7 36. Rcc7 Rg8 37. Rfd7 Ng5 38. Rxb7 Nxe4 39. Rxd4 exd4 40. Rd7 Rb8 41. Bf5 Nd2 42. b6 Nf3+ 43. Kg2 Ne5 44. Rc7 g6 45. b7 1-0